 Dungeon Crawl Stone Soup version 0.31-a0-1072-g202bf7ea07 (webtiles) character file.

Game seed: 742804019306560620

135 Azuregosa the Sneak (level 5, -5/36 HPs)
             Began as an Octopode Delver on Nov 26, 2023.
             Was a Follower of Sif Muna.
             Slain by an iguana (15 damage)
             ... on level 4 of the Dungeon.
             The game lasted 00:08:43 (3357 turns).

Azuregosa the Sneak (Octopode Delver)               Turns: 3357, Time: 00:08:44

Health: -5/36      AC:  1    Str: 15    XL:     5   Next: 18%
Magic:  10/10      EV: 13    Int: 14    God:    Sif Muna [*.....]
Gold:   193        SH:  0    Dex: 16    Spells: 3/10 levels left

rFire   . . .        i - +2 short sword "Pant" {heavy, Str+3 Dex+3}
rCold   . . .        (no shield)
rNeg    . . .        (helmet restricted)
rPois   .            l - amulet of regeneration
rElec   .            (no ring)
rCorr   .            (no ring)
SInv    .            (no ring)
Will    .....        (no ring)
Stlth   +++++        (no ring)
HPRegen 1.06/turn    (no ring)
MPRegen 0.12/turn    (no ring)
                     (no ring)

%: no passive effects
@: no status effects
A: almost no armour, amphibious, 8 rings, camouflage 1, gelatinous body 1,
(nimble swimmer 1), tentacles
a: Renounce Religion, Channel Magic


You were on level 4 of the Dungeon.
You worshipped Sif Muna.
Sif Muna was aware of your devotion.
You visited 1 branch of the dungeon, and saw 5 of its levels.

You collected 193 gold pieces.

Inventory:

Hand Weapons
 a - a +0 hand axe
 i - the +2 short sword "Pant" (weapon) {heavy, Str+3 Dex+3}
   (You found it on level 4 of the Dungeon)

   Str+3:     It affects your strength (+3).
   Dex+3:     It affects your dexterity (+3).
 j - a +1 vampiric dagger
 x - a +1 dagger of draining
Missiles
 h - 16 stones
 w - 10 javelins
 y - 4 boomerangs
Armour
 g - an orb of wrath
Magical Staves
 q - a staff of death
Jewellery
 l - an amulet of regeneration (around mantle)
 s - a ring of ice
Wands
 f - a wand of digging (3)
Scrolls
 b - 3 scrolls of fog
 c - a scroll of acquirement {unknown}
 d - a scroll of fear
 k - a scroll of vulnerability {unknown}
 m - 3 scrolls of teleportation {unknown}
 o - a scroll of enchant armour {unknown}
 p - 3 scrolls of identify {unknown}
 u - 2 scrolls of blinking {unknown}
Potions
 e - 3 potions of heal wounds {unknown}
 n - a potion of lignification {unknown}
 r - a potion of might {unknown}
 t - a potion of haste
 v - a potion of brilliance {unknown}


   Skills:
 - Level 3.0 Fighting
 - Level 2.0 Axes
 - Level 2.0 Dodging
 - Level 7.2 Stealth
 + Level 3.4 Spellcasting
 + Level 1.5 Air Magic


You had 3 spell levels left.
You knew the following spells:

 Your Spells              Type           Power      Damage    Failure   Level
a - Swiftness             Air            6%         N/A       32%         3
b - Airstrike             Air            3%         2d(1-17)  73%         4

Your spell library contained the following spells:

 Spells                   Type           Power      Damage    Failure   Level
 Shock                    Conj/Air       16%        1d4       16%         1
 Ensorcelled Hibernation  Hex/Ice        4%         N/A       30%         2
 Passwall                 Tmut/Erth      1%         N/A       30%         2
 Call Canine Familiar     Summ           2%         N/A       52%         3
 Sigil of Binding         Hex            2%         N/A       52%         3
 Summon Guardian Golem    Hex/Summ       2%         N/A       52%         3
 Dimensional Bullseye     Hex/Tloc       1%         N/A       90%         4
 Leda's Liquefaction      Hex/Erth       1%         N/A       90%         4
 Orb of Destruction       Conj           1%         9d5       100%        7
 Spellforged Servitor     Conj/Summ      1%         N/A       100%        7


Dungeon Overview and Level Annotations

Branches:
Dungeon (5/15)
 Temple: D:4-7

Altars:
Sif Muna
Vehumet
Xom


Innate Abilities, Weirdness & Mutations

You cannot wear most types of armour.
You are amphibious.
You can wear up to eight rings at the same time.
Your skin changes colour to match your surroundings (Stealth+).
Your rubbery body absorbs attacks. (AC +1, EV +1)
((You are camouflaged when in or above water. (Stealth+)))
You have tentacles for arms and can constrict up to eight enemies at once.


Message History

You barely miss the gnoll. You grab the gnoll. You squeeze the gnoll.
The gnoll is moderately wounded.
You constrict the gnoll. The gnoll closely misses you. The gnoll misses you.
The gnoll hits you from afar with a +0 spear.
The gnoll closely misses you.
The iguana hisses angrily.
You hit the gnoll but do no damage.
You squeeze the gnoll, but do no damage.
The gnoll is heavily wounded.
You constrict the gnoll.
The gnoll hits you from afar with a +0 spear.
The gnoll misses you.
You hit the gnoll.
You kill the gnoll!
Sif Muna accepts your kill. The gnoll misses you. The gnoll barely misses you.
As you read the scroll of fear, it crumbles to dust.
You assume a fearsome visage.
The iguana looks frightened!
The gnoll looks frightened! x2
There is a stone staircase leading up here.
You start resting.
HP restored.
The gnoll barely misses you. The gnoll hits you with a +0 halberd!
You hit the gnoll. You grab the gnoll.
The gnoll is moderately wounded.
You constrict the gnoll, but do no damage.
The gnoll closely misses you.
You hit the gnoll.
The gnoll is heavily wounded.
You constrict the gnoll. The iguana bites you!
The gnoll struggles to escape constriction.
The iguana misses you.
The gnoll struggles to escape constriction.
You release your grip on the gnoll.
The gnoll closely misses you. The gnoll attacks as it pursues you!
The gnoll hits you from afar with a +0 halberd!
* * * LOW HITPOINT WARNING * * *
The iguana attacks as it pursues you! The iguana bites you!
You die...

#.## #.....##
#.........
##.###......##
##........
##.###......#
##.......
##.##......##
##......
#<.#.......## ##<....
##..........## ##....
##..........####.....
##.........#....####
##@.........####
##l.......##
##.......# #g.....##
#.g..### #.#.## #.###
##.# #..#


You could see an iguana and 2 gnolls.

Vanquished Creatures
  An orc priest (D:4)
  A gnoll (D:4)
  3 adders
  A worm (D:3)
  A dart slug (D:4)
  3 orcs (D:4)
  3 bats
  5 endoplasms
  3 giant cockroaches
  4 goblins
  5 hobgoblins
  4 jackals
  2 quokkas
  3 ball pythons
  4 frilled lizards
  6 kobolds
  10 rats
59 creatures vanquished.

Notes
Turn   | Place    | Note
-------+----------+-------------------------------------------
     0 | D:5      | Azuregosa the Octopode Delver began the quest for the Orb.
     0 | D:5      | Reached XP level 1. HP: 16/16 MP: 1/1
    74 | D:5      | Found a shimmering altar of Xom.
   128 | D:5      | Found a radiant altar of Vehumet.
   128 | D:5      | Noticed a scorpion
   133 | D:5      | Found a shimmering blue altar of Sif Muna.
   141 | D:5      | Became a worshipper of Sif Muna the Loreminder
   171 | D:4      | Reached skill level 7 in Stealth
   207 | D:4      | Identified the +2 short sword "Pant" {heavy, Str+3 Dex+3}
   218 | D:4      | Reached XP level 2. HP: 14/21 MP: 2/2
   268 | D:4      | Reached XP level 3. HP: 26/26 MP: 2/6
   383 | D:4      | Noticed an ogre
   766 | D:2      | Reached XP level 4. HP: 31/31 MP: 7/7
   921 | D:1      | Reached * piety under Sif Muna
  1722 | D:2      | Learned a level 3 spell: Swiftness
  2030 | D:2      | Reached skill level 1 in Air Magic
  2403 | D:3      | Reached XP level 5. HP: 36/36 MP: 8/10
  3157 | D:3      | Learned a level 4 spell: Airstrike
  3357 | D:4      | Slain by an iguana

Illustrated notes

Levels and vault maps discovered:
D:1:      dpeg_arrival_rooms_a, layout_loops_cross, serial_co_window_serial,
          co_window_paths_b, co_window_corner_a, co_window_paths_b,
          co_window_paths_a, co_window_of_opportunity_a, co_window_broadway_b,
          co_window_of_opportunity_c, co_window_unsneaky_path_e,
          co_window_broadway_c, co_window_2corner, glass_columns_a,
          glass_columns_a, glass_columns_b, glass_columns_c, glass_columns_b,
          minmay_misc_feat_ornament
D:2:      layout_loops_ring, minmay_quantized
D:3:      minmay_wonky_spiral, layout_basic, serial_bayou_ford_a
D:4:      layout_cave_pods, minmay_temple_entry_crystal_x
D:5:      layout_layer_cave, lemuel_round_altar,
          mainiacjoe_overflow_large_starburst, xom_teletrap_fun,
          nicolae_zig_zag_zippers

Skill      XL: |  1  2  3  4 |
---------------+-------------+-----
Stealth        | 7 |  7.2
Spellcasting   | 2 3 |  3.4
Air Magic      | 1 |  1.5
Fighting       | |  3.0
Axes           | |  2.0
Dodging        | |  2.0

Action                     |  1- 3 |  4- 6 || total
---------------------------+-------+-------++-------
  Melee: Hand axe          |     8 |       ||     8
         Constrict         |    10 |     7 ||    17
         Tentacles         |     7 |     9 ||    16
         Short sword       |    22 |    56 ||    78
    Use: Scroll            |     1 |     1 ||     2
         Potion            |     1 |       ||     1
   Stab: Sleeping          |     3 |    22 ||    25
 Armour: Skin              |    13 |    20 ||    33
  Dodge: Dodged            |    16 |    34 ||    50

Table legend: (Time is in decaauts)
 A = Elapsed time spent in this place.
 B = Non-inter-level travel time spent in this place.
 C = Inter-level travel time spent in this place.
 D = Time resting spent in this place.
 E = Time spent auto-exploring this place.
 F = Levels seen in this place.
 G = Mean time per level.
                   A        B        C        D        E       F      G
               +--------+--------+--------+--------+--------+-----+--------+
         Total |   3381 |   3265 |    116 |    101 |   2314 |   5 |  676.2 |
       Dungeon |   3381 |   3265 |    116 |    101 |   2314 |   5 |  676.2 |
               +--------+--------+--------+--------+--------+-----+--------+

Top non-repeatable levels by time:
     D:3: 1290 daAuts
     D:1: 791 daAuts
     D:2: 728 daAuts
     D:4: 409 daAuts
     D:5: 161 daAuts
